[Event "Torneo Interdepartamental 2019"]
[Site "Montevideo"]
[Date "2019.08.24"]
[Round "1.5"]
[White "Vazquez, Facundo"]
[Black "Marrero, Javier"]
[Result "1-0"]
[ECO "E15"]
[WhiteElo "2111"]
[BlackElo "1835"]
[Annotator "ChessBase"]
[PlyCount "47"]
[EventDate "2019.08.23"]
[EventType "team-tourn"]
[EventCountry "URU"]
[SourceTitle "playchess.com"]
[Source "ChessBase"]
[SourceQuality "1"]
[TimeControl "5400+30"]

1. d4 Nf6 2. c4 e6 3. Nf3 b6 4. g3 Bb7 5. Bg2 c5 6. d5 exd5 7. Nh4 g6 8. O-O Bg7 9. Nc3 O-O 10. cxd5 d6 11. Nf3 Re8 12. Bf4 Qd7 13. a4 Nh5 14. Be3 Na6 15. Nd2 Nb4 16. Nc4 f5 17. Qd2 Ba6 18. Na3 Nf6 19. Nab5 Bxb5 20. axb5 Ng4 21. Bf4 Ne5 22. Bxe5 Bxe5 23. Rfe1 Bxc3 24. bxc3 1-0

[Event "Torneo Interdepartamental 2019"]
[Site "Montevideo"]
[Date "2019.08.23"]
[Round "1.6"]
[White "De Cuadro, Dionisio"]
[Black "Casas, Nicolas"]
[Result "*"]
[WhiteElo "1654"]
[BlackElo "1798"]
[Annotator "NA RC"]
[PlyCount "31"]
[EventDate "2019.08.23"]
[EventType "team-tourn"]
[EventCountry "URU"]
[SourceTitle "playchess.com"]
[Source "ChessBase"]
[SourceQuality "1"]
[TimeControl "5400+30"]

1. d4 Nf6 2. c4 c5 3. d5 e6 4. Nc3 exd5 5. cxd5 d6 6. e4 g6 7. Qc2 Bg7 8. Nf3 a6 9. a4 Bg4 10. Be2 Bxf3 11. Bxf3 Nbd7 12. Bf4 Qe7 13. O-O O-O 14. Rfe1 Rfe8 15. Rab1 Rac8 16. a5 *

[Event "Torneo Interdepartamental 2019"]
[Site "Montevideo"]
[Date "2019.08.24"]
[Round "1.6"]
[White "Chargonia, Alfredo"]
[Black "Daneri, Martin"]
[Result "0-1"]
[ECO "A65"]
[WhiteElo "1572"]
[BlackElo "2050"]
[Annotator "NA"]
[PlyCount "51"]
[EventDate "2019.08.23"]
[EventType "team-tourn"]
[EventCountry "URU"]
[SourceTitle "playchess.com"]
[Source "ChessBase"]
[SourceQuality "1"]
[TimeControl "5400+30"]

1. d4 Nf6 2. c4 c5 3. d5 e6 4. Nc3 exd5 5. cxd5 d6 6. e4 g6 7. Qc2 Bg7 8. Nf3 a6 9. a4 Bg4 10. Be2 Bxf3 11. Bxf3 Nbd7 12. Bf4 Qe7 13. O-O O-O 14. Rfe1 Rfe8 15. Rab1 Rac8 16. a5 h6 17. h3 g5 18. Bg3 Ne5 19. b3 Nxf3+ 20. gxf3 Nh5 21. Bh2 Qd7 22. Kg2 Be5 23. Ne2 Qd8 24. Rg1 Qf6 25. Qd3 Rc7 26. Kf1 0-1

[Event "Torneo Interdepartamental 2019"]
[Site "Montevideo"]
[Date "2019.08.23"]
[Round "1.7"]
[White "Vazquez, Facundo"]
[Black "Marrero, Javier"]
[Result "*"]
[WhiteElo "2111"]
[BlackElo "1835"]
[Annotator "RC"]
[PlyCount "32"]
[EventDate "2019.08.23"]
[EventType "team-tourn"]
[EventCountry "URU"]
[SourceTitle "playchess.com"]
[Source "ChessBase"]
[SourceQuality "1"]
[TimeControl "5400+30"]

1. c4 Nf6 2. g3 e6 3. Bg2 d5 4. cxd5 exd5 5. Nf3 c6 6. O-O Bd6 7. d3 O-O 8. Nc3 h6 9. e4 dxe4 10. dxe4 Bb4 11. Qc2 Bxc3 12. bxc3 Re8 13. Re1 Na6 14. Bb2 Nc5 15. Nd4 Qb6 16. Rab1 Qa6 *

[Event "Torneo Interdepartamental 2019"]
[Site "Montevideo"]
[Date "2019.08.24"]
[Round "1.7"]
[White "Ibanez, Marcelo"]
[Black "Sierra, Juan Andres"]
[Result "1-0"]
[ECO "A15"]
[WhiteElo "2029"]
[BlackElo "1831"]
[Annotator "NA"]
[PlyCount "65"]
[EventDate "2019.08.23"]
[EventType "team-tourn"]
[EventCountry "URU"]
[SourceTitle "playchess.com"]
[Source "ChessBase"]
[SourceQuality "1"]
[TimeControl "5400+30"]

1. c4 Nf6 2. g3 e6 3. Bg2 d5 4. cxd5 exd5 5. Nf3 c6 6. O-O Bd6 7. d3 O-O 8. Nc3 h6 9. e4 dxe4 10. dxe4 Bb4 11. Qc2 Bxc3 12. bxc3 Re8 13. Re1 Na6 14. Bb2 Nc5 15. Nd4 Qb6 16. Rab1 Qa6 17. c4 Na4 18. Ba1 Nb6 19. Bf1 Qa4 20. Rb3 Qa5 21. Bc3 Qh5 22. e5 Ng4 23. f4 f6 24. h3 fxe5 25. hxg4 Qxg4 26. Qf2 e4 27. Nf3 e3 28. Qg2 Nd7 29. Bd4 c5 30. Rbxe3 Rf8 31. Bc3 b6 32. Nh2 Qg6 33. Qxa8 1-0

[Event "Torneo Interdepartamental 2019"]
[Site "Montevideo"]
[Date "2019.08.23"]
[Round "1.8"]
[White "Visillac, Alejandro"]
[Black "Suarez, Pedro"]
[Result "0-1"]
[ECO "C00"]
[WhiteElo "1797"]
[BlackElo "2040"]
[Annotator "NA RC"]
[PlyCount "70"]
[EventDate "2019.08.23"]
[EventType "team-tourn"]
[EventCountry "URU"]
[SourceTitle "playchess.com"]
[Source "ChessBase"]
[SourceQuality "1"]
[TimeControl "5400+30"]

1. e4 e6 2. d3 d5 3. Nd2 Nf6 4. Ngf3 Bc5 5. e5 Nfd7 6. d4 Be7 7. g3 {[%emt 0:00:27] C03: French Tarrasch: Unusual Black 3rd moves} (7. c3 c5 8. Bd3 b6 9. O-O Ba6 10. Bxa6 Nxa6 11. Qe2 Nab8 12. c4 dxc4 13. Nxc4 O-O 14. Qe4 Na6 {½-½ (45) Movsesian,S (2629)-Caruana,F (2828) chess.com INT 2019}) 7... c5 8. c3 Nc6 9. Bg2 Qb6 10. Nb3 cxd4 11. cxd4 a5 12. Qd3 $146 ({Predecessor:} 12. Be3 a4 13. Nbd2 Qa6 14. Bf1 Qb6 {1-0 (35) Martinez,J-Gurevich,A Verdun 1995}) 12... a4 13. Nbd2 Nb4 14. Qc3 Qa6 15. Bf1 Qc6 16. Kd1 Qb6 17. a3 Nc6 18. b3 axb3 19. Qxb3 Qa7 20. Bb2 f6 21. Bh3 Kf7 22. Re1 fxe5 23. Nxe5+ Ncxe5 24. dxe5 Qa4 25. Ke2 Qxb3 26. Nxb3 Nc5 27. Nd4 Bd7 28. Rec1 Rhc8 29. Rc3 Ne4 30. Rf3+ Kg8 31. Rb3 Nc5 32. Rc3 Ra4 33. Ke3 Rca8 34. Rac1 ({White should try} 34. Rcc1 $15) 34... Rxd4 35. Kxd4 Ra4+ $19 0-1

[Event "Torneo Interdepartamental 2019"]
[Site "Montevideo"]
[Date "2019.08.24"]
[Round "1.9"]
[White "Lanzilotta, Marcelo"]
[Black "Pereira, Gerardo"]
[Result "1-0"]
[ECO "C41"]
[WhiteElo "1970"]
[BlackElo "1331"]
[Annotator "NA"]
[PlyCount "63"]
[EventDate "2019.08.23"]
[EventType "team-tourn"]
[EventCountry "URU"]
[SourceTitle "playchess.com"]
[Source "ChessBase"]
[SourceQuality "1"]
[TimeControl "5400+30"]

1. e4 e5 2. Nf3 d6 3. d4 Nf6 4. Bc4 h6 5. dxe5 Nfd7 6. O-O Nc6 7. e6 Nde5 8. exf7+ Nxf7 9. Bxf7+ Kxf7 10. Qd5+ Be6 11. Qh5+ Kg8 12. Nc3 Qe8 13. Qb5 b6 14. Nd5 a6 15. Qc4 b5 16. Ne7+ Kf7 17. Qxc6 Bxe7 18. Qxc7 Rc8 19. Qb7 Qc6 20. Qxc6 Rxc6 21. Nd4 Rc4 22. c3 Bd7 23. Be3 b4 24. cxb4 Rxb4 25. b3 Bf6 26. Rad1 Rc8 27. Rd2 a5 28. f4 a4 29. e5 Be7 30. exd6 Bxd6 31. Nc2 Bc5 32. Bxc5 1-0

[Event "Torneo Interdepartamental 2019"]
[Site "Montevideo"]
[Date "2019.08.23"]
[Round "1.9"]
[White "Malan, Lucia"]
[Black "Blanco, Rudemar Ernesto"]
[Result "*"]
[ECO "B00"]
[WhiteElo "1831"]
[BlackElo "1516"]
[Annotator "NA RC"]
[PlyCount "23"]
[EventDate "2019.08.23"]
[EventType "team-tourn"]
[EventCountry "URU"]
[SourceTitle "playchess.com"]
[Source "ChessBase"]
[SourceQuality "1"]
[TimeControl "5400+30"]

1. e4 e5 2. Nf3 d6 3. d4 Nf6 4. Bc4 h6 5. dxe5 Nfd7 6. O-O Nc6 7. e6 Nde5 8. exf7+ Nxf7 9. Bxf7+ Kxf7 10. Qd5+ Be6 11. Qh5+ Kg8 12. Nc3 *

[Event "Torneo Interdepartamental 2019"]
[Site "Montevideo"]
[Date "2019.08.24"]
[Round "1.10"]
[White "De Cuadro, Dionisio"]
[Black "Casas, Nicolas"]
[Result "0-1"]
[ECO "D43"]
[WhiteElo "1654"]
[BlackElo "1798"]
[Annotator "NA"]
[PlyCount "112"]
[EventDate "2019.08.23"]
[EventType "team-tourn"]
[EventCountry "URU"]
[SourceTitle "playchess.com"]
[Source "ChessBase"]
[SourceQuality "1"]
[TimeControl "5400+30"]

1. Nf3 d5 2. d4 Nf6 3. c4 c6 4. Nc3 e6 5. Bg5 Be7 6. e3 Nbd7 7. Bd3 h6 8. Bh4 O-O 9. O-O c5 10. Qe2 cxd4 11. exd4 dxc4 12. Bxc4 Nb6 13. Bd3 Nbd5 14. Nxd5 Qxd5 15. Rfc1 Qd8 16. Bxf6 Bxf6 17. Qe4 g6 18. Rc5 Rb8 19. Rac1 Bd7 20. Ne5 Bc6 21. Qe3 Bg5 22. f4 Bf6 23. R1c2 a6 24. b4 Qd6 25. a3 Ba4 26. Rd2 Bc6 27. Bxa6 Bxg2 28. Kxg2 bxa6 29. Rdc2 Rfd8 30. Rd2 Rbc8 31. Kg3 Kg7 32. Qe4 Rxc5 33. bxc5 Qc7 34. Rb2 Qa5 35. Qe3 Qc7 36. Rb6 a5 37. Qe4 Rd5 38. a4 Qd8 39. Rb7 Bxe5 40. dxe5 Rxc5 41. Rb3 Qd2 42. Rd3 Qc1 43. Qf3 Rc4 44. Ra3 Qg1+ 45. Kh3 Qd4 46. Kg3 Rxa4 47. Re3 Ra1 48. Qf2 Qd1 49. h3 a4 50. Re2 Qg1+ 51. Qxg1 Rxg1+ 52. Kf2 Ra1 53. Kf3 a3 54. Ke4 a2 55. h4 f6 56. Ke3 f5 0-1

[Event "Torneo Interdepartamental 2019"]
[Site "Montevideo"]
[Date "2019.08.23"]
[Round "1.10"]
[White "Chargonia, Alfredo"]
[Black "Daneri, Martin"]
[Result "*"]
[WhiteElo "1572"]
[BlackElo "2050"]
[Annotator "NA RC"]
[PlyCount "27"]
[EventDate "2019.08.23"]
[EventType "team-tourn"]
[EventCountry "URU"]
[SourceTitle "playchess.com"]
[Source "ChessBase"]
[SourceQuality "1"]
[TimeControl "5400+30"]

1. Nf3 d5 2. d4 Nf6 3. c4 c6 4. Nc3 e6 5. Bg5 Be7 6. e3 Nbd7 7. Bd3 h6 8. Bh4 O-O 9. O-O c5 10. Qe2 cxd4 11. exd4 dxc4 12. Bxc4 Nb6 13. Bd3 Nbd5 14. Nxd5 *

[Event "Torneo Interdepartamental 2019"]
[Site "Montevideo"]
[Date "2019.08.23"]
[Round "1.11"]
[White "Lanzilotta, Marcelo"]
[Black "Pereira, Gerardo"]
[Result "*"]
[WhiteElo "1970"]
[BlackElo "1331"]
[Annotator "NA RC"]
[PlyCount "28"]
[EventDate "2019.08.23"]
[EventType "team-tourn"]
[EventCountry "URU"]
[SourceTitle "playchess.com"]
[Source "ChessBase"]
[SourceQuality "1"]
[TimeControl "5400+30"]

1. e4 d6 2. d4 Nf6 3. Nc3 Nbd7 4. Bc4 e5 5. Nf3 Be7 6. O-O h6 7. Re1 c6 8. a4 Qc7 9. Qe2 g5 10. Bb3 Nf8 11. Qc4 Be6 12. d5 Bd7 13. dxc6 Be6 14. cxb7 Qxb7 *

[Event "Torneo Interdepartamental 2019"]
[Site "Montevideo"]
[Date "2019.08.24"]
[Round "1.11"]
[White "Malan, Lucia"]
[Black "Blanco, Rudemar Ernesto"]
[Result "1-0"]
[ECO "B07"]
[WhiteElo "1831"]
[BlackElo "1516"]
[Annotator "NA"]
[PlyCount "63"]
[EventDate "2019.08.23"]
[EventType "team-tourn"]
[EventCountry "URU"]
[SourceTitle "playchess.com"]
[Source "ChessBase"]
[SourceQuality "1"]
[TimeControl "5400+30"]

1. e4 d6 2. d4 Nf6 3. Nc3 Nbd7 4. Bc4 e5 5. Nf3 Be7 6. O-O h6 7. Re1 c6 8. a4 Qc7 9. Qe2 g5 10. Bb3 Nf8 11. Qc4 Be6 12. d5 Bd7 13. dxc6 Be6 14. cxb7 Qxb7 15. Qb5+ Qxb5 16. Nxb5 Kd7 17. Be3 a6 18. Nc3 Bxb3 19. cxb3 Rb8 20. Nd2 Ne6 21. Red1 Rhd8 22. Nc4 Ke8 23. Bb6 Rd7 24. a5 Nd4 25. Bxd4 exd4 26. Rxd4 Kf8 27. Nb6 Rdd8 28. Rad1 Kg8 29. b4 Nd7 30. Ncd5 Bf8 31. Nxd7 Rxd7 32. Nf6+ 1-0

[Event "Torneo Interdepartamental 2019"]
[Site "Montevideo"]
[Date "2019.08.24"]
[Round "2.1"]
[White "Moreira, Marcelo"]
[Black "Ibanez, Juan Rodrigo"]
[Result "1/2-1/2"]
[ECO "A48"]
[WhiteElo "2061"]
[BlackElo "2124"]
[Annotator "ChessBase"]
[PlyCount "83"]
[EventDate "2019.08.23"]
[EventType "team-tourn"]
[EventCountry "URU"]
[SourceTitle "playchess.com"]
[Source "ChessBase"]
[SourceQuality "1"]
[TimeControl "5400+30"]

1. d4 Nf6 2. Nf3 g6 3. c4 Bg7 4. g3 O-O 5. Bg2 d6 6. O-O Nbd7 7. Nc3 c5 8. b3 a6 9. Bb2 Rb8 10. dxc5 dxc5 11. a4 b6 12. Qc2 Bb7 13. Rad1 Qc7 14. Rfe1 e5 15. Nd2 Bxg2 16. Kxg2 Rbd8 17. Nf1 Nb8 18. Ne3 Nc6 19. Ned5 Nxd5 20. Nxd5 Qb7 21. f3 f5 22. e4 Rf7 23. Rf1 Rdf8 24. Qe2 Rb8 25. Qc2 b5 26. axb5 axb5 27. Bc3 Rbf8 28. Qe2 b4 29. Bb2 fxe4 30. Qxe4 Qc8 31. Ra1 Qf5 32. Qxf5 gxf5 33. Ra6 Rc8 34. Re1 e4 35. Bxg7 exf3+ 36. Kxf3 Kxg7 37. Kf4 Nd4 38. Re3 Nc2 39. Re5 Nd4 40. Re3 Nc2 41. Re5 Nd4 42. Re3 1/2-1/2

[Event "Torneo Interdepartamental 2019"]
[Site "Montevideo"]
[Date "2019.08.24"]
[Round "2.2"]
[White "Coppola, Claudio"]
[Black "Granara Barreto, Sebastian"]
[Result "1/2-1/2"]
[ECO "D10"]
[WhiteElo "2252"]
[BlackElo "2149"]
[Annotator "ChessBase"]
[PlyCount "41"]
[EventDate "2019.08.23"]
[EventType "team-tourn"]
[EventCountry "URU"]
[SourceTitle "playchess.com"]
[Source "ChessBase"]
[SourceQuality "1"]
[TimeControl "5400+30"]

1. d4 d5 2. c4 c6 3. cxd5 cxd5 4. Nc3 Nf6 5. Nf3 Nc6 6. Ne5 e6 7. Bf4 Qb6 8. Nxc6 bxc6 9. Rb1 Ba6 10. g3 Be7 11. Bg2 O-O 12. O-O Nd7 13. b4 Bc4 14. Bf3 Bf6 15. Be3 a5 16. a3 axb4 17. Rxb4 Qa6 18. Ra4 Qb7 19. Rb4 Qa6 20. Ra4 Qb7 21. Rb4 1/2-1/2

[Event "Torneo Interdepartamental 2019"]
[Site "Montevideo"]
[Date "2019.08.24"]
[Round "2.3"]
[White "Silva Rosas, Natalia"]
[Black "Curi, Gabriel"]
[Result "1-0"]
[ECO "C00"]
[WhiteElo "1800"]
[BlackElo "2195"]
[Annotator "NA"]
[PlyCount "48"]
[EventDate "2019.08.23"]
[EventType "team-tourn"]
[EventCountry "URU"]
[SourceTitle "playchess.com"]
[Source "ChessBase"]
[SourceQuality "1"]
[TimeControl "5400+30"]

1. e4 e6 2. d3 d5 3. Nd2 c5 4. Ngf3 Nc6 5. g3 Nge7 6. Bg2 g6 7. O-O Bg7 8. Re1 O-O 9. c3 Qc7 10. Nf1 d4 11. e5 Nxe5 12. Bf4 Nxf3+ 13. Qxf3 e5 14. Bd2 Be6 15. c4 Rab8 16. h4 Bd7 17. h5 Bc6 18. Qg4 Bxg2 19. Kxg2 Qc6+ 20. f3 b5 21. cxb5 Qxb5 22. hxg6 hxg6 23. Bc1 Qxd3 24. Nd2 Rxb2 1-0

[Event "Torneo Interdepartamental 2019"]
[Site "Montevideo"]
[Date "2019.08.24"]
[Round "2.4"]
[White "Dominguez, Facundo"]
[Black "Braso, Jorge"]
[Result "1-0"]
[ECO "B90"]
[WhiteElo "2138"]
[BlackElo "2108"]
[Annotator "ChessBase"]
[PlyCount "53"]
[EventDate "2019.08.23"]
[EventType "team-tourn"]
[EventCountry "URU"]
[SourceTitle "playchess.com"]
[Source "ChessBase"]
[SourceQuality "1"]
[TimeControl "5400+30"]

1. e4 c5 2. Nf3 d6 3. d4 cxd4 4. Nxd4 Nf6 5. Nc3 a6 6. f3 e6 7. Be3 Be7 8. Qd2 b5 9. O-O-O Bb7 10. g4 Nc6 11. g5 Nd7 12. h4 Rc8 13. Be2 Nc5 14. Nxc6 Bxc6 15. a3 Qa5 16. Kb1 Na4 17. Nxa4 Qxa4 18. Bd4 O-O 19. h5 d5 20. h6 g6 21. Qf4 Bd7 22. Rd2 b4 23. b3 Qc6 24. exd5 Qxd5 25. Bf6 Qc5 26. Bxe7 Qxe7 27. Rxd7 1-0

[Event "Torneo Interdepartamental 2019"]
[Site "Montevideo"]
[Date "2019.08.24"]
[Round "2.5"]
[White "Castro, Cesar"]
[Black "Caitano, Martin Joel"]
[Result "1/2-1/2"]
[ECO "B00"]
[WhiteElo "2082"]
[BlackElo "2119"]
[Annotator "ChessBase"]
[PlyCount "103"]
[EventDate "2019.08.23"]
[EventType "team-tourn"]
[EventCountry "URU"]
[SourceTitle "playchess.com"]
[Source "ChessBase"]
[SourceQuality "1"]
[TimeControl "5400+30"]

1. e4 d6 2. d4 Nd7 3. Nc3 e5 4. Nf3 c6 5. a4 b6 6. Bc4 Be7 7. O-O h6 8. d5 c5 9. Bb5 a6 10. Bc6 Ra7 11. Nd2 Ngf6 12. Nc4 O-O 13. f4 exf4 14. Bxf4 Nb8 15. e5 dxe5 16. Bxe5 Nxc6 17. dxc6 Qe8 18. Bxf6 Bxf6 19. Qf3 Bd4+ 20. Kh1 Bxc3 21. bxc3 Rc7 22. Nxb6 Be6 23. c4 Rxc6 24. Nd5 Rc8 25. Qg3 Kh8 26. Rfd1 Rd8 27. Qc7 Rc8 28. Qa5 Qc6 29. Qc3 Rb8 30. a5 Rfd8 31. Qe5 Qd6 32. Qh5 Qc6 33. h3 Bxd5 34. cxd5 Qc7 35. c4 Rb4 36. Qh4 Qd6 37. Qe4 Kg8 38. Re1 Qf6 39. Rf1 Qd6 40. Ra2 Rf8 41. Qd3 Re8 42. Re2 Reb8 43. Rfe1 g6 44. Re7 Rf8 45. Qe3 Rxc4 46. Qxh6 Qxd5 47. Re8 Qd6 48. R8e6 Qf4 49. Qxf4 Rxf4 50. Rxa6 Ra4 51. Rc1 Rc8 52. Rc3 1/2-1/2

[Event "Torneo Interdepartamental 2019"]
[Site "Montevideo"]
[Date "2019.08.24"]
[Round "2.6"]
[White "Casas, Nicolas"]
[Black "Campora, Edgardo"]
[Result "0-1"]
[ECO "A48"]
[WhiteElo "1798"]
[BlackElo "1666"]
[Annotator "NA"]
[PlyCount "125"]
[EventDate "2019.08.23"]
[EventType "team-tourn"]
[EventCountry "URU"]
[SourceTitle "playchess.com"]
[Source "ChessBase"]
[SourceQuality "1"]
[TimeControl "5400+30"]

1. d4 Nf6 2. Nf3 g6 3. Bf4 Bg7 4. e3 d6 5. h3 c5 6. c3 O-O 7. Nbd2 cxd4 8. exd4 Nc6 9. Be2 Re8 10. O-O e5 11. dxe5 dxe5 12. Be3 Nd5 13. Nb3 Nxe3 14. fxe3 Qb6 15. Qd2 Bh6 16. Kf2 f5 17. Bc4+ Kh8 18. h4 e4 19. Ng5 Ne5 20. Be2 Qf6 21. Rad1 Bxg5 22. hxg5 Qxg5 23. Qd6 Qh4+ 24. Kg1 Qg3 25. Qf6+ Kg8 26. Rd5 Qxe3+ 27. Rf2 Nf7 28. Nd4 Qg5 29. Qxg5 Nxg5 30. Bc4 Kg7 31. Rc5 Re7 32. Kf1 b6 33. Rc6 Bd7 34. Rc7 Rc8 35. Rxc8 Bxc8 36. b3 Kf6 37. Ke2 Bb7 38. g4 Re5 39. gxf5 gxf5 40. Ke3 Nh3 41. Rh2 f4+ 42. Ke2 Rh5 43. Kf1 Kg6 44. Bb5 Kg5 45. Bd7 f3 46. Rxh3 Rxh3 47. Bxh3 Kf4 48. Kf2 e3+ 49. Kf1 Kg3 50. Bd7 f2 51. Ne2+ Kh2 52. Nf4 Ba6+ 53. c4 Bb7 54. Be6 Be4 55. Bd5 Bb1 56. a3 h5 57. b4 h4 58. c5 bxc5 59. bxc5 Kg3 60. Ne2+ Kh2 61. c6 Bd3 62. Bf3 Bf5 63. c7 0-1

[Event "Torneo Interdepartamental 2019"]
[Site "Montevideo"]
[Date "2019.08.24"]
[Round "2.7"]
[White "Durante, Aurelio"]
[Black "Carbone, Diego"]
[Result "1/2-1/2"]
[ECO "A48"]
[WhiteElo "1958"]
[BlackElo "2237"]
[Annotator "ChessBase"]
[PlyCount "101"]
[EventDate "2019.08.23"]
[EventType "team-tourn"]
[EventCountry "URU"]
[SourceTitle "playchess.com"]
[Source "ChessBase"]
[SourceQuality "1"]
[TimeControl "5400+30"]

1. d4 Nf6 2. Nf3 g6 3. Bf4 d6 4. e3 Nh5 5. Bg5 h6 6. Bh4 g5 7. Bg3 Bg7 8. Bc4 e6 9. c3 Nd7 10. Nbd2 Qe7 11. Qe2 d5 12. Bb3 Nxg3 13. hxg3 b6 14. e4 Bb7 15. exd5 Bxd5 16. Bxd5 exd5 17. Qxe7+ Kxe7 18. g4 Nf6 19. Ne5 h5 20. gxh5 Nxh5 21. Ndf3 Nf4 22. Kd2 Nxg2 23. Nxg5 Bxe5 24. dxe5 Rag8 25. Rxh8 Rxh8 26. Rg1 Nh4 27. Kd3 Nf5 28. Rg4 Rg8 29. c4 dxc4+ 30. Kxc4 a6 31. Kd5 Kd7 32. Ke4 Ne7 33. f4 Rh8 34. Rg2 Ke8 35. Rc2 c6 36. a3 Rh6 37. Nf3 Kd7 38. f5 Rh5 39. Rd2+ Kc7 40. e6 fxe6 41. fxe6 Nd5 42. Rh2 Nf6+ 43. Kf4 Kd6 44. Re2 Nd5+ 45. Kg4 Nf6+ 46. Kf4 Nd5+ 47. Kg4 Nf6+ 48. Kf4 Nd5+ 49. Kg4 Nf6+ 50. Kf4 Nd5+ 51. Ke4 {Ke5+} 1/2-1/2

[Event "Torneo Interdepartamental 2019"]
[Site "Montevideo"]
[Date "2019.08.24"]
[Round "2.8"]
[White "Suarez, Pedro"]
[Black "Arias Bouzada, Jorge"]
[Result "1/2-1/2"]
[ECO "A44"]
[WhiteElo "2040"]
[BlackElo "2088"]
[Annotator "NA"]
[PlyCount "77"]
[EventDate "2019.08.23"]
[EventType "team-tourn"]
[EventCountry "URU"]
[SourceTitle "playchess.com"]
[Source "ChessBase"]
[SourceQuality "1"]
[TimeControl "5400+30"]

1. d4 c5 2. d5 e5 3. e4 d6 4. Nc3 g6 5. Be2 Bg7 6. Nf3 a6 7. a4 Ne7 8. Nd2 {[%emt 0:01:37] A44: Semi-Benoni} (8. O-O O-O 9. Nd2 f5 10. Nc4 f4 11. Bg4 h5 12. Be6+ Kh7 13. a5 Qc7 14. Nb6 Ra7 15. g4 Kh6 16. gxh5 gxh5 {1-0 (24) Aranha Filho,A (2304)-Cerda Albornoz,G (2195) Montevideo 2018}) 8... O-O 9. Nc4 Qc7 10. O-O Nd7 11. Ra3 $146 ({Predecessor:} 11. f4 f5 12. a5 b5 13. axb6 Nxb6 14. fxe5 Nxc4 15. Bxc4 Bxe5 {0-1 (33) Endean,A-Asilkefeli,M LSS email 2006}) 11... Rb8 12. Rb3 f5 13. Bg5 Rf7 14. Qd2 Nf6 15. Bxf6 Bxf6 16. f4 Qd7 17. fxe5 dxe5 18. Nb6 Qd8 19. Bc4 Qd6 20. Nxc8 Nxc8 21. exf5 gxf5 22. Rxf5 Qd7 23. Rxf6 Rxf6 $18 24. Ne4 Rf4 25. Rg3+ Kh8 26. Qxf4 exf4 27. Rg8+ Kxg8 28. Nf6+ Kg7 29. Nxd7 Ra8 30. Nxc5 Nd6 31. Bd3 Kf6 32. Kf2 Rg8 33. Bxh7 Rh8 34. Bd3 Rxh2 35. Kf3 Ke5 36. Ne6 Kxd5 37. Nxf4+ Ke5 38. b3 Nf7 39. Ke3 1/2-1/2

[Event "Torneo Interdepartamental 2019"]
[Site "Montevideo"]
[Date "2019.08.24"]
[Round "2.9"]
[White "Ponce, Leonardo"]
[Black "Malan, Lucia"]
[Result "0-1"]
[ECO "D00"]
[WhiteElo "1690"]
[BlackElo "1831"]
[Annotator "NA"]
[PlyCount "112"]
[EventDate "2019.08.23"]
[EventType "team-tourn"]
[EventCountry "URU"]
[SourceTitle "playchess.com"]
[Source "ChessBase"]
[SourceQuality "1"]
[TimeControl "5400+30"]

1. d4 d5 2. Bf4 Nf6 3. e3 Bf5 4. c4 e6 5. Nc3 (5. Nf3 Bxb1 6. Rxb1 Bb4+ 7. Ke2 dxc4 8. Qa4+ Nc6 9. Ne5 a5 10. Nxc6 Qd7 11. Rc1 Nd5 12. Rxc4 Nb6 13. Qc2 Nxc4 14. Nxb4 Nxb2 {1-0 (41) Nakamura,H (2769)-Giri,A (2782) Leuven 2018}) 5... Be7 6. Nf3 {[%emt 0:01:18] D00: 1 d4 d5: Unusual lines} O-O 7. Rc1 c5 $146 ({Predecessor:} 7... c6 8. Be2 Nbd7 9. O-O h6 10. Bd3 Bxd3 11. Qxd3 Qa5 12. cxd5 Nxd5 13. Nxd5 exd5 {½-½ (31) Skytte,R (2412)-Chatalbashev,B (2547) Kolding 2016}) 8. dxc5 dxc4 9. Bxc4 Bxc5 10. O-O Nc6 11. a3 Rc8 12. Nh4 Bg4 13. Qe1 Nh5 14. Bg3 Nxg3 15. hxg3 Ne5 16. Be2 Nd3 17. Bxd3 Qxd3 18. Nf3 Bxf3 19. gxf3 Rfd8 20. Ne4 Bb6 21. Kg2 Rc2 22. Rxc2 Qxc2 23. Qc3 Qxc3 24. Nxc3 Rd2 25. Nd1 Bd8 26. f4 Bf6 27. Nc3 Rxb2 28. Ne4 Ra2 29. Rc1 h6 30. Rc8+ Kh7 31. Rc7 Kg6 32. Rxb7 Rxa3 33. g4 a5 34. Ra7 Ra2 35. Kg3 a4 $11 36. Nd6 Ra1 37. Nxf7 a3 38. Ne5+ Kh7 39. Kf3 Bh4 40. Ra6 a2 41. Nd3 Rd1 42. Rxa2 Rxd3 43. Ra6 e5 44. fxe5 Rd2 45. e6 Rxf2+ 46. Ke4 Rd2 47. Ra7 Rd8 48. e7 Re8 49. Kd5 Rxe7 50. Rxe7 Bxe7 51. Ke6 Bc5 52. e4 Kg6 53. Kd5 Ba3 54. e5 Kg5 55. Ke6 Kxg4 56. Kf7 h5 0-1

[Event "Torneo Interdepartamental 2019"]
[Site "Montevideo"]
[Date "2019.08.24"]
[Round "2.10"]
[White "Carvalho, Guillermo"]
[Black "Larrea, Osvaldo"]
[Result "1-0"]
[ECO "A80"]
[WhiteElo "2180"]
[BlackElo "1657"]
[Annotator "ChessBase"]
[PlyCount "67"]
[EventDate "2019.08.23"]
[EventType "team-tourn"]
[EventCountry "URU"]
[SourceTitle "playchess.com"]
[Source "ChessBase"]
[SourceQuality "1"]
[TimeControl "5400+30"]

1. d4 f5 2. Nc3 Nf6 3. Bg5 e6 4. e4 fxe4 5. Nxe4 Be7 6. Bxf6 Bxf6 7. Qh5+ g6 8. Qh6 Qe7 9. Nxf6+ Qxf6 10. O-O-O b6 11. h4 Qf8 12. Qe3 d5 13. h5 Bd7 14. Bd3 Kd8 15. hxg6 hxg6 16. Nf3 Nc6 17. Ba6 Nb4 18. Qg5+ Ke8 19. Qxg6+ Ke7 20. Ne5 Be8 21. Qg5+ Kd6 22. Rxh8 Qxh8 23. Qf4 Ke7 24. Bd3 Nxd3+ 25. Nxd3 Kd8 26. Re1 Qg8 27. Qf6+ Kd7 28. Nf4 Bf7 29. Nxd5 exd5 30. Re7+ Kc8 31. Qxf7 Qxf7 32. Rxf7 Kb7 33. g4 Rg8 34. f3 1-0

[Event "Torneo Interdepartamental 2019"]
[Site "Montevideo"]
[Date "2019.08.24"]
[Round "2.11"]
[White "De La Torre, Andres"]
[Black "Lanzilotta, Marcelo"]
[Result "0-1"]
[ECO "A04"]
[WhiteElo "1641"]
[BlackElo "1970"]
[Annotator "NA"]
[PlyCount "40"]
[EventDate "2019.08.23"]
[EventType "team-tourn"]
[EventCountry "URU"]
[SourceTitle "playchess.com"]
[Source "ChessBase"]
[SourceQuality "1"]
[TimeControl "5400+30"]

1. Nf3 c5 2. g3 Nc6 3. Bg2 d5 4. d3 e5 5. c3 Nge7 6. Nbd2 Ng6 7. e4 d4 8. cxd4 cxd4 9. Nc4 h5 10. Qb3 Be7 11. Qb5 Bd7 12. Qd5 Nb4 13. Nd6+ Bxd6 14. Qxd6 Nxd3+ 15. Ke2 Nxc1+ 16. Kd2 Nd3 17. Bf1 Nxf2 18. Bd3 Nxd3 19. Nxd4 exd4 20. Qxd4 Nge5 0-1